 Dungeon Crawl Stone Soup version 0.31.0-9-g3a7656b989 (webtiles) character file.

Game seed: 8211458218243402111

108614 GordonOverkill the Fencer (level 17, -1/136 (138) HPs)
             Began as a Formicid Delver on Jan 25, 2024.
             Was an Elder of Ru.
             Splashed by a goliath frog's acid (4 damage)
             ... on level 3 of the Lair of Beasts.
             The game lasted 00:56:19 (33530 turns).

GordonOverkill the Fencer (Formicid Delver)        Turns: 33530, Time: 00:56:20

HP:   -1/136 (138)  AC: 21    Str: 24    XL:     17   Next: 5%
MP:   17/17         EV: 22    Int: 11    God:    Ru [****..]
Gold: 1418          SH: 13    Dex: 11    Spells: 16/16 levels left

rFire   + . .        D - +2 great sword (flame)
rCold   + + .        J - +0 kite shield {AC+3}
rNeg    . . .        O - +3 plate armour {rF+}
rPois   +            (helmet unavailable)
rElec   .            V - +2 cloak {Will+}
rCorr   +            F - +0 pair of gloves
SInv    +            N - +3 pair of mountain boots {steadfast, rC+}
Will    ++...        A - amulet of the acrobat Stlth
                     n - ring of poison resistance
HPRegen 0.42/turn    l - ring "Qeckiew" {rC+ rCorr Dex-2 Slay+4}
MPRegen 0.15/turn

%: acrobat
@: mighty, corroded, acrobatic, lightly drained, invisible
A: permanent stasis, dig shafts and tunnels, antennae 3, clumsy 1, hated by all,
no earth magic, no hexes magic, no translocations magic, disrupted magic 1, four
strong arms, no forms
a: Dig, Shaft Self, Renounce Religion, Draw Out Power, Power Leap


You were on level 3 of the Lair of Beasts.
You worshipped Ru.
Ru was greatly pleased with you.
You visited 5 branches of the dungeon, and saw 24 of its levels.
You also visited: Volcano.

You collected 3135 gold pieces.
You spent 1717 gold pieces at shops.

Inventory:

Hand Weapons
 a - the +2 long sword of Rite {holy, rPois rC+ rN+}
   (You found it on level 12 of the Dungeon)

   rC+:       It protects you from cold.
   rPois:     It protects you from poison rN+: It protects you from negative
   energy.
 g - the +5 falchion of Past Mistakes {venom, *Rage Dex+5}
   (You found it on level 5 of the Dungeon)

   Dex+5:     It affects your dexterity (+5).
   *Rage:     It berserks you when you make melee attacks (+20% chance).
 D - a +2 great sword of flaming (weapon)
 L - a +1 vampiric scimitar
 Q - a +4 great sword
Missiles
 h - 2 curare-tipped darts (quivered)
 t - a throwing net
 B - 28 javelins
Armour
 i - the +2 ring mail of the Desert {rElec rC+}
   (You found it on level 3 of the Dungeon)

   rC+:       It protects you from cold.
   rElec:     It insulates you from electricity.
 F - a +0 pair of gloves (worn)
 H - a +0 pair of boots of flying
 J - a +0 kite shield of protection (worn)
 N - the +3 pair of mountain boots (worn) {steadfast, rC+}
   (You found it in a volcano)

   Steadfast: It prevents involuntary movement, except for blinking,
   teleportation, or banishment.
   rC+:       It protects you from cold.
 O - a +3 plate armour of fire resistance (worn)
 V - a +2 cloak of willpower (worn)
Jewellery
 j - a ring of fire
 l - the ring "Qeckiew" (right hand) {rC+ rCorr Dex-2 Slay+4}
   (You bought it in a shop on level 2 of the Orcish Mines)

   [ring of resist corrosion]

   Dex-2:     It affects your dexterity (-2).
   Slay+4:    It affects your accuracy & damage with ranged weapons and melee
   (+4).
   rC+:       It protects you from cold.
   rCorr:     It protects you from acid and corrosion.
 n - a ring of poison resistance (left hand)
 q - a ring of ice
 s - the ring of Buthue {rF+ Int+3 Dex+2}
   (You bought it in a shop on level 2 of the Orcish Mines)

   [ring of protection from fire]

   Int+3:     It affects your intelligence (+3).
   Dex+2:     It affects your dexterity (+2).
   rF+:       It protects you from fire.
 A - an amulet of the acrobat (around neck)
Wands
 e - a wand of flame (30)
 f - a wand of digging (11)
 x - a wand of roots (9)
 K - a wand of mindburst (4)
 S - a wand of polymorph (4)
Scrolls
 c - 7 scrolls of fog
 d - 3 scrolls of revelation
 k - 2 scrolls of enchant weapon
 o - a scroll of amnesia
 r - 4 scrolls of immolation
 E - 5 scrolls of identify
 T - a scroll of vulnerability
Potions
 b - 2 potions of might
 m - 3 potions of enlightenment
 u - a potion of cancellation
 v - 3 potions of mutation
 z - 4 potions of curing
 R - a potion of invisibility
 W - a potion of magic


   Skills:
 + Level 13.8 Fighting
 - Level 20.0 Long Blades
 - Level 2.0 Polearms
 - Level 10.0 Armour
 - Level 3.0 Dodging
 - Level 6.0 Stealth
 - Level 15.0 Shields
 - Level 10.0 Evocations


You had 16 spell levels left.
You didn't know any spells.
Your spell library contained the following spells:

 Spells                   Type           Power      Damage    Failure   Level
 Freeze                   Ice            0%         1d3       100%        1
 Necrotise                Necr           0%         1d4       100%        1
 Sting                    Conj/Alch      0%         1d3       100%        1
 Mercury Vapours          Alch/Air       0%         N/A       100%        2
 Frozen Ramparts          Ice            0%         1d1       100%        3
 Fugue of the Fallen      Necr           0%         N/A       100%        3
 Hailstorm                Conj/Ice       0%         3d5       100%        3
 Vampiric Draining        Necr           0%         2d6       100%        3
 Olgreb's Toxic Radiance  Alch           0%         N/A       100%        4
 Curse of Agony           Necr           0%         N/A       100%        5
 Chain Lightning          Conj/Air       0%         N/A       100%        9
 Fire Storm               Conj/Fire      0%         5d1       100%        9
 Ensorcelled Hibernation  Hex/Ice        Unusable   N/A       N/A         2
 Call Canine Familiar     Summ           Unusable   N/A       N/A         3
 Sigil of Binding         Hex            Unusable   N/A       N/A         3
 Tukima's Dance           Hex            Unusable   N/A       N/A         3
 Anguish                  Hex/Necr       Unusable   N/A       N/A         4
 Dimensional Bullseye     Hex/Tloc       Unusable   N/A       N/A         4
 Iskenderun's Mystic Bla  Conj/Tloc      Unusable   2d3       N/A         4
 Martyr's Knell           Necr/Summ      Unusable   N/A       N/A         4
 Shatter                  Erth           Unusable   3d5*      N/A         9

Dungeon Overview and Level Annotations

Branches:
Dungeon (15/15)            Temple (1/1) D:5            Lair (5/5) D:9
  Swamp (1/4) Lair:3       Spider (0/4) Lair:3        Slime (0/5) Lair:4
    Orc (2/2) D:11            Elf (0/3) Orc:2        Vaults (0/5) D:14
 Depths (0/4) D:15        Volcano (visited)

Altars:
Ashenzari
Cheibriados
Dithmenos
Elyvilon
Gozag
Kikubaaqudgha
Makhleb
Nemelex Xobeh
Okawaru
Qazlal
Ru
Sif Muna
Trog
Uskayaw
Vehumet
Wu Jian
Xom
Zin
The Shining One

Shops:
D:3 [   D:11 [   D:14 *   Orc:1 :   Orc:2 [:=[

Annotations:
Lair:3 3 runed translucent doors, Deed's ghost, journeyman MiFi


Innate Abilities, Weirdness & Mutations

You cannot be hasted, slowed, berserked, paralysed or teleported.
You can dig through walls and to a lower floor.
You have a pair of large antennae on your head. (SInv)
You are clumsy. (Dex -2)
You are hated by all.
You cannot study or cast Earth magic.
You cannot study or cast Hexes magic.
You cannot study or cast Translocations magic.
Your casting is slightly disrupted.
Your four strong arms can wield two-handed weapons with a shield.
You cannot voluntarily change form.


Message History

The eight-headed hydra bites you!
* * * LOW HITPOINT WARNING * * *
The eight-headed hydra barely misses you.
The eight-headed hydra bites you!
* * * LOW HITPOINT WARNING * * *
You feel much better. The goliath frog barely misses you.
The eight-headed hydra bites you but does no damage.
You block the eight-headed hydra's attack.
The eight-headed hydra barely misses you.
The eight-headed hydra bites you.
* * * LOW HITPOINT WARNING * * *
You block the eight-headed hydra's attack.
The eight-headed hydra bites you but does no damage.
The eight-headed hydra closely misses you.
The eight-headed hydra bites you.
* * * LOW HITPOINT WARNING * * *
You block the goliath frog's attack.
Okay, then.
You feel very mighty all of a sudden. You block the goliath frog's attack.
The eight-headed hydra completely misses you.
The eight-headed hydra bites you but does no damage.
The eight-headed hydra closely misses you.
The eight-headed hydra barely misses you. x2
You block the eight-headed hydra's attack. x2
The eight-headed hydra bites you.
* * * LOW HITPOINT WARNING * * *
You block the eight-headed hydra's attack.
The eight-headed hydra completely misses you.
You block the eight-headed hydra's attack.
The eight-headed hydra bites you but does no damage.
You block the eight-headed hydra's attack.
The eight-headed hydra bites you!
* * * LOW HITPOINT WARNING * * *
The eight-headed hydra bites you but does no damage.
The eight-headed hydra completely misses you.
The goliath frog hits you!
* * * LOW HITPOINT WARNING * * *
You are splashed with acid.
You resist.
You die...

### ##### ##.###.#.♣ ###.......♣♣
#....♣♣♣♣♣♣♣♣♣♣♣♣♣♣♣♣♣ #####
...♣♣♣~~~~~~~.~~≈~~§≈♣ ##.#.###
..⌠....?......♣.@§§§§♣♣♣##.##.##.
..⌠.............§FD>§♣♣..........
...♣♣♣~.~~~~~~≈~§♣§.§♣♣..........
.....♣♣♣♣♣♣♣♣♣♣♣♣♣♣♣♣♣♣#.........
##........♣ ♣♣♣♣♣ ##........
##......#.# #..P♣ #.........
###....#### #...# ##........
.#P....#### ##..### #.........
.......##.###....P# ###..#.#...


You could see an eight-headed hydra (unable to see you) and a goliath frog
(unable to see you).

Vanquished Creatures
  Nessos (D:14)
  A dire elephant (Lair:5)
  Josephine (Orc:2)
  A great orb of eyes (D:15)
  Fannar (Lair:2)
  2 hydras
  3 rakshasas (D:15)
  An ogre mage (D:14)
  2 catoblepae
  13 death yaks
  4 centaur warriors
  5 two-headed ogres
  5 boulder beetles
  A tengu warrior (D:12)
  2 orc high priests
  A hell hog (Lair:5)
  A shock serpent (shapeshifter) (D:15)
  A soul eater (D:13)
  A deep elf knight (D:14)
  A fire crab (Lair:5)
  A skeletal warrior (D:14)
  A skyshark (Lair:4)
  A goliath frog (Swamp:1)
  A spriggan druid (Swamp:1)
  3 lindwurms
  2 deep elf archers (Volcano)
  A deep elf zephyrmancer (D:14)
  11 orc knights
  Pikel (D:6)
  3 orc sorcerers
  17 ugly things
  7 deep elf pyromancers
  7 cyclopes
  4 manticores
  Maurice (D:8)
  18 elephants
  2 kobold blastminers
  Joseph (D:9)
  5 black mambas
  2 rust devils (D:13)
  4 centaur skeletons (D:14)
  2 orange demons
  A gargoyle (D:12)
  12 cane toads
  An unseen horror (D:12)
  2 kobold demonologists (D:12)
  An ice devil (D:13)
  Psyche (D:12)
  5 rime drakes
  6 komodo dragons
  7 trolls
  2 red devils (D:13)
  A glass eye (shapeshifter) (D:15)
  A wolf spider simulacrum (D:14)
  9 polar bears (Lair:5)
  7 saltlings (Orc:2)
  6 dream sheep (Lair:5)
  6 raiju
  8 blink frogs
  A centaur simulacrum (D:15)
  A culicivora (Lair:3)
  8 slime creatures
  A vampire (D:13)
  7 fire elementals (Volcano)
  4 shadows
  7 wraiths
  A fire bat (Orc:2)
  31 yaks
  2 wyverns
  9 wargs
  3 basilisks (Lair:5)
  A neqoxec (D:13)
  A steam dragon (D:7)
  An acid dragon (D:8)
  2 swamp worms (Lair:3)
  3 vampire mosquitoes (D:11)
  14 hell hounds
  12 water moccasins
  A swamp drake (Lair:3)
  An ice beast (D:7)
  16 black bears
  21 orc warriors
  2 sky beasts (D:7)
  18 wolves
  12 ogres
  15 centaurs
  3 lemures (D:6)
  6 kobold brigands
  11 bullfrogs
  A gnoll sergeant (D:11)
  2 scorpions
  5 wights (D:6)
  8 killer bees
  4 electric eels
  2 jellies
  6 howler monkeys
  A bombardier beetle (D:4)
  2 sleepcaps
  Crazy Yiuf (D:3)
  2 hounds
  17 orc priests
  A hell rat (Lair:5)
  Jessica (D:2)
  7 iguanas
  Natasha (thrice) (D:2)
  27 orc wizards
  17 gnolls
  6 adders
  2 shadow imps
  4 white imps
  A dart slug (D:4)
  A ribbon worm (D:3)
  95 orcs
  6 endoplasms
  3 giant cockroaches
  7 goblins
  2 hobgoblins
  7 jackals (D:1)
  A quokka (D:2)
  9 ball pythons
  8 bats
  7 frilled lizards
  21 kobolds
  5 rats
726 creatures vanquished.

Vanquished Creatures (collateral kills)
  Snorg (D:12)
1 creature vanquished.

Vanquished Creatures (others)
  An ettin (Orc:2)
  A hydra (Lair:5)
  2 death yaks (Lair:4)
  A manticore (D:14)
  A jumping spider (Lair:3)
  2 orcs
8 creatures vanquished.

Grand Total: 735 creatures vanquished

Notes
Turn   | Place    | Note
-------+----------+-------------------------------------------
     0 | D:5      | GordonOverkill the Formicid Delver began the quest for the
                  | Orb.
     0 | D:5      | Reached XP level 1. HP: 18/18 MP: 1/1
    31 | D:6      | Noticed a bullfrog
    57 | D:5      | Found a staircase to the Ecumenical Temple.
    57 | D:5      | Noticed an orc priest
    59 | D:5      | Identified the +5 falchion of Past Mistakes {venom, *Rage
                  | Dex+5}
    59 | D:5      | Noticed an orc wizard
   116 | D:3      | Found Kufeilug's Antique Armour Shoppe.
   119 | D:3      | Identified the +2 ring mail of the Desert {rElec rC+}
   157 | D:2      | Reached skill level 1 in Long Blades
   159 | D:2      | Reached XP level 2. HP: 17/24 MP: 2/2
   225 | D:2      | Reached skill level 2 in Long Blades
   275 | D:2      | Reached XP level 3. HP: 29/29 MP: 3/3
   417 | D:2      | Noticed Natasha
   422 | D:2      | Killed Natasha
   423 | D:2      | Reached skill level 3 in Long Blades
   423 | D:2      | Reached XP level 4. HP: 35/35 MP: 4/4
   458 | D:2      | Noticed Natasha
   465 | D:2      | Killed Natasha
   494 | D:2      | Noticed Natasha
   499 | D:2      | Killed Natasha
   500 | D:2      | Reached skill level 4 in Long Blades
   500 | D:2      | Reached XP level 5. HP: 36/42 MP: 5/5
   562 | D:2      | Noticed Jessica
   569 | D:2      | Killed Jessica
   570 | D:2      | Reached skill level 1 in Armour
   862 | D:1      | Reached XP level 6. HP: 48/48 MP: 6/6
  2275 | D:3      | Found a runed translucent door.
  2276 | D:3      | Noticed Crazy Yiuf
  2828 | D:3      | Killed Crazy Yiuf
  3090 | D:4      | Reached skill level 1 in Evocations
  3116 | D:4      | Noticed an ogre
  3123 | D:4      | Killed an ogre
  3124 | D:4      | Reached XP level 7. HP: 54/54 MP: 7/7
  3945 | D:5      | Reached skill level 5 in Long Blades
  4149 | D:5      | Reached XP level 8. HP: 48/60 MP: 8/8
  4307 | D:5      | Reached skill level 6 in Long Blades
  4423 | D:5      | Found a faded altar of an unknown god.
  4423 | D:5      | Found a faded altar of an unknown god.
  4431 | D:5      | Found a glowing golden altar of the Shining One.
  4433 | D:5      | Found a bloodstained altar of Trog.
  4435 | D:5      | Found a glowing silver altar of Zin.
  4502 | D:5      | Reached skill level 5 in Fighting
  4565 | D:5      | Found a shimmering altar of Xom.
  4780 | Temple   | Found a transporter.
  4780 | Temple   | Found a transporter.
  4780 | Temple   | Found a transporter.
  4780 | Temple   | Found a transporter.
  4780 | Temple   | Entered the Ecumenical Temple
  4872 | Temple   | Became a worshipper of Ru the Awakened
  5021 | D:6      | Reached skill level 5 in Armour
  5154 | D:6      | Reached XP level 9. HP: 58/69 MP: 9/9
  5580 | D:6      | Noticed Pikel
  5586 | D:6      | Reached skill level 5 in Evocations
  5633 | D:6      | Killed Pikel
  5634 | D:6      | Reached skill level 7 in Long Blades
  6447 | D:7      | Reached skill level 8 in Long Blades
  6523 | D:7      | Gained mutation: Your casting is slightly disrupted. [Ru
                  | sacrifice]
  6552 | D:7      | Found an iron altar of Okawaru.
  6574 | D:7      | Found a sparkling altar of Nemelex Xobeh.
  6683 | D:7      | Reached XP level 10. HP: 74/79 MP: 10/10
  8270 | D:8      | Noticed Maurice
  8272 | D:8      | Maurice stole an amulet of the acrobat
  8274 | D:8      | Maurice stole 4 javelins
  8276 | D:8      | Maurice stole a +1 spear of venom
  8281 | D:8      | Maurice stole 139 gold
  8282 | D:8      | Killed Maurice
  8703 | D:8      | Found a blossoming altar of Fedhas.
  9431 | D:9      | Noticed Joseph
  9440 | D:9      | Killed Joseph
  9490 | D:9      | Noticed a two-headed ogre
  9786 | D:9      | Killed a two-headed ogre
  9787 | D:9      | Reached skill level 9 in Long Blades
  9938 | D:9      | Found a staircase to the Lair.
  9973 | D:9      | Reached XP level 11. HP: 81/86 MP: 11/11
 10043 | D:9      | Gained mutation: You cannot voluntarily change form. [Ru
                  | sacrifice]
 10391 | D:9      | Reached skill level 10 in Long Blades
 10917 | D:10     | Entered Level 10 of the Dungeon
 11587 | D:10     | Reached skill level 10 in Fighting
 12489 | D:11     | Found a staircase to the Orcish Mines.
 12534 | D:11     | Found Esoerisch's Antique Armour Emporium.
 12541 | D:11     | Bought a pair of embroidered boots for 292 gold pieces
 12640 | D:11     | Noticed a cyclops
 12653 | D:11     | Killed a cyclops
 12654 | D:11     | Reached skill level 10 in Evocations
 12657 | D:11     | Identified the +8 quarterstaff of the Disbelieving Gods
                  | {spect, rF+}
 13159 | D:12     | Noticed a two-headed ogre
 13167 | D:12     | Killed a two-headed ogre
 13170 | D:12     | Noticed a manticore
 13180 | D:12     | Killed a manticore
 13181 | D:12     | Reached XP level 12. HP: 91/97 MP: 12/12
 13235 | D:12     | Noticed a tengu warrior
 13251 | D:12     | Killed a tengu warrior
 13277 | D:12     | Noticed Snorg
 13293 | D:12     | Killed Snorg
 13294 | D:12     | Reached skill level 10 in Armour
 13628 | D:12     | Reached skill level 5 in Shields
 13834 | D:12     | Identified the +2 long sword of Rite {holy, rPois rC+ rN+}
 14121 | D:12     | Noticed Psyche
 14126 | D:12     | Killed Psyche
 15021 | Lair:1   | Entered Level 1 of the Lair of Beasts
 15354 | Lair:1   | Reached skill level 10 in Shields
 15373 | Lair:1   | Found a dark tunnel.
 15397 | Volcano  | Entered a volcano
 15778 | Volcano  | Reached skill level 11 in Long Blades
 15778 | Volcano  | Reached XP level 13. HP: 55/103 MP: 13/13
 16279 | Volcano  | Reached skill level 12 in Long Blades
 16510 | Volcano  | Found the +3 pair of mountain boots {steadfast, rC+}
 17181 | Lair:2   | Gained mutation: You are hated by all. [Ru sacrifice]
 17181 | Lair:2   | Reached * piety under Ru
 17181 | Lair:2   | Reached ** piety under Ru
 17672 | Lair:2   | Noticed a six-headed hydra
 17681 | Lair:2   | Killed a two-headed hydra
 17835 | Lair:2   | Noticed Fannar
 17846 | Lair:2   | Killed Fannar
 18712 | Lair:3   | Found a runed translucent gate.
 18712 | Lair:3   | Found a runed translucent gate.
 18712 | Lair:3   | Found a runed translucent gate.
 18761 | Lair:3   | Found a hole to the Spider Nest.
 19062 | Lair:3   | Reached skill level 13 in Long Blades
 19496 | Lair:3   | Reached XP level 14. HP: 89/115 MP: 14/14
 19747 | Lair:3   | Reached skill level 14 in Long Blades
 19831 | Lair:3   | Noticed Deed's ghost (journeyman MiFi)
 20027 | Lair:3   | Found a staircase to the Swamp.
 20913 | Lair:4   | Found a staircase to the Slime Pits.
 21110 | Lair:4   | Reached skill level 15 in Long Blades
 21493 | Lair:4   | Reached skill level 16 in Long Blades
 22531 | Lair:5   | Entered Level 5 of the Lair of Beasts
 22967 | Lair:5   | Noticed a dire elephant
 22998 | Lair:5   | Killed a dire elephant
 22999 | Lair:5   | Reached skill level 17 in Long Blades
 23087 | Lair:5   | Reached XP level 15. HP: 55/111 MP: 15/15
 24005 | Lair:5   | Reached skill level 18 in Long Blades
 24634 | Lair:5   | Gained mutation: You are clumsy. (Dex -2) [Ru sacrifice]
 24634 | Lair:5   | Reached *** piety under Ru
 24772 | Lair:5   | Identified the -1 pair of gloves of Generosity {*Corrode
                  | rPois rN++}
 25664 | D:13     | Reached skill level 19 in Long Blades
 26608 | D:13     | Identified a scroll of acquirement
 26609 | D:13     | Acquired 1041 gold pieces
 27285 | D:14     | Found a gate to the Vaults.
 27355 | D:14     | Noticed Nessos
 27366 | D:14     | Killed Nessos
 27367 | D:14     | Reached XP level 16. HP: 116/118 MP: 16/16
 27793 | D:14     | Reached skill level 20 in Long Blades
 27965 | D:14     | Found Hosubb's General Store.
 28358 | D:14     | Gained mutation: You cannot study or cast Earth magic. [Ru
                  | sacrifice]
 28358 | D:14     | Gained mutation: You cannot study or cast Hexes magic. [Ru
                  | sacrifice]
 28358 | D:14     | Gained mutation: You cannot study or cast Translocations
                  | magic. [Ru sacrifice]
 28358 | D:14     | Reached **** piety under Ru
 28391 | D:15     | Entered Level 15 of the Dungeon
 29146 | D:15     | Found a staircase to the Depths.
 29619 | Orc:1    | Entered Level 1 of the Orcish Mines
 29619 | Orc:1    | Found Uwiusk's Book Boutique.
 31070 | Orc:2    | Entered Level 2 of the Orcish Mines
 31071 | Orc:2    | Noticed Josephine
 31076 | Orc:2    | Killed Josephine
 31151 | Orc:2    | Found a shimmering altar of Xom.
 31163 | Orc:2    | Reached skill level 15 in Shields
 31795 | Orc:2    | Found a staircase to the Elven Halls.
 32471 | Orc:2    | Found Docont's Armour Boutique.
 32895 | Orc:2    | Found Gin Woob's Armour Shoppe.
 32897 | Orc:2    | Found Bubirgh's Book Shoppe.
 32929 | Orc:2    | Reached XP level 17. HP: 108/129 MP: 17/17
 32932 | Orc:2    | Found Weikh's Jewellery Shoppe.
 32989 | Orc:2    | Bought the ring "Qeckiew" {rC+ rCorr Dex-2 Slay+4} for 745
                  | gold pieces
 33243 | Orc:2    | Bought the ring of Buthue {rF+ Int+3 Dex+2} for 680 gold
                  | pieces
 33446 | Swamp:1  | Entered Level 1 of the Swamp
 33530 | Lair:3   | HP: 3/136 [goliath frog (13)]
 33530 | Lair:3   | Splashed by a goliath frog's acid

Illustrated notes

Levels and vault maps discovered:
D:1:      reono_arrival_forest_river, layout_basic
D:2:      layout_basic, uniq_natasha, uniq_jessica
D:3:      layout_rooms, serial_shops, nicolae_shop_advertising_works
          [nicolae_subvault_shop_adworks], minmay_cupped,
          uniq_crazy_yiuf_cottage
D:4:      layout_basic, minmay_misc_feat_more_columns
D:5:      layout_cave_pools, mainiacjoe_overflow_surrounded_room,
          chequers_temple_overflow_minitemple, minmay_temple_entry_proselytizer
D:6:      layout_loops_cross, uniq_pikel
D:7:      layout_layer_cave, mainiacjoe_overflow_paths, okawaru_gym_becter,
          st_stairs_6, minmay_puff
D:8:      layout_loops_cross, old_standard_altar, uniq_maurice
D:9:      layout_loops_ring, lair_entry_dummy, grunt_decor_junction, uniq_joseph
D:10:     layout_rooms, corexii_hall_statues_i
D:11:     layout_basic, kennysheep_orc_monster_closet_entryway, serial_shops,
          nicolae_shop_stone
D:12:     minmay_klotski, layout_layer_cave, uniq_snorg, uniq_psyche
D:13:     layout_roguey, serial_demonic, serial_demonic_b, serial_demonic_e,
          serial_demonic_c, serial_demonic_b
D:14:     layout_roguey, hangedman_vaults_entry_quadrant_bands,
          chequers_serial_rivers_small_b, serial_shops,
          nicolae_shop_tiny_real_fake_doors, uniq_nessos
D:15:     gammafunk_enter_depths_forms, layout_rooms
Temple:   hellmonk_temple_divided_pantheon
Lair:1:   layout_gridlike, lightli_volcano_entry_magma_tube,
          serial_bayou_lagoon_b, lemuel_fruit_fields
Lair:2:   layout_cellular_growth, wad_woods_river_01, uniq_fannar
Lair:3:   layout_chaotic_city, nicolae_swamp_entry_splash_gauntlet,
          spider_nest_entry_rubble, gammafunk_ghost_split
Lair:4:   layout_cave_pods, slime_entry_1, grunt_megastairs_5
Lair:5:   hangedman_lair_caniforms_friends, layout_long_grid,
          hangedman_lair_in_review
Swamp:1:  layout_basic_swamp, evilmike_swamp_ruin_house_4, swamp_pool_4,
          statue_in_the_mist_lemuel, uniq_kirke
Orc:1:    layout_caves, guppyfry_orc_lava_fort
Orc:2:    hellmonk_orc_salted, layout_diamond_mine, basic_altar,
          regret_index_xom_of_box, uniq_josephine

Skill      XL: |  1  2  3  4  5  6  7  8  9 10 11 12 13 14 15 16 |
---------------+-------------------------------------------------+-----
Long Blades    | 1 2 3 4 5 6 8 9 10 11 13 17 19 20 | 20.0
Fighting       | 4 6 7 8 10 12 13 | 13.8
Armour         | 2 4 6 8 9 10 | 10.0
Evocations     | 2 4 6 8 10 | 10.0
Dodging        | 2 3 |  3.0
Shields        | 10 15 | 15.0
Polearms       | |  2.0
Stealth        | |  6.0

Action                     |  1- 3 |  4- 6 |  7- 9 | 10-12 | 13-15 | 16-18 || total
---------------------------+-------+-------+-------+-------+-------+-------++-------
  Melee: Falchion          |    27 |   124 |   260 |   705 |    62 |       ||  1178
         Punch             |       |       |     1 |     8 |       |       ||     9
         Great sword       |       |       |       |       |  1146 |   689 ||  1835
  Throw: Dart              |       |       |       |     6 |     2 |       ||     8
 Invoke: Sacrifice Essence |       |       |     1 |       |       |       ||     1
         Sacrifice Forms   |       |       |       |     1 |       |       ||     1
         Reject Sacrifices |       |       |       |     1 |     1 |     1 ||     3
         Sacrifice Love    |       |       |       |       |     1 |       ||     1
         Sacrifice Purity  |       |       |       |       |     1 |       ||     1
         Sacrifice Arcana  |       |       |       |       |       |     1 ||     1
Ability: Dig               |     1 |     2 |     8 |     9 |    13 |     8 ||    41
  Evoke: Wand              |       |       |       |       |     1 |     1 ||     2
         Box of beasts     |       |       |       |       |     1 |       ||     1
    Use: Scroll            |       |     9 |     2 |    13 |     8 |     2 ||    34
         Potion            |       |       |     1 |     1 |     4 |     4 ||    10
   Stab: Sleeping          |     5 |     9 |    11 |    11 |       |       ||    36
         Distracted        |       |     2 |     2 |     2 |     1 |     5 ||    12
         Petrified         |       |       |       |       |     3 |       ||     3
         Invisible         |       |       |       |       |       |     4 ||     4
 Armour: Ring mail         |    17 |    62 |   188 |   476 |    44 |       ||   787
         Plate armour      |       |       |       |       |   936 |   373 ||  1309
  Dodge: Dodged            |    17 |    55 |   136 |   393 |   416 |   161 ||  1178
  Block: Kite shield       |       |       |       |   171 |   727 |   322 ||  1220
